cohdb
Replays
Latest Replays
All Replays
Popular Replays
Top Player Replays
Match Explorer
How It Works
Community
CoH3 Stats
Reddit
Sign in to upload your games and track your stats! →
Sign in with Steam
Match 43433791
Unlisted
Match 43433791
Overview
Messages
Build Orders
End
Pioneer Squad
Construct Infanterie Kompanie
Selects Terror Battlegroup
Selects Machine Gun Camouflage
Grenadier Squad
MG 42 Machine Gun Team
MG 42 Machine Gun Team
Grenadier Squad
Selects Contempt for the Weak
Construct Luftwaffe Kompanie
221 Scout Car
Flak 30 Anti-aircraft Gun Team
Medical Bunker
Luftwaffe Officer Quarters
Jäger Squad
Selects Defend the Fatherland
Construct Panzer Kompanie
Stoßtruppen Squad
Panzer IV Medium Tank
Selects Propaganda Leaflet Drop
Stoßtruppen Squad
Selects V1 Rocket Strike
Panzer IV Medium Tank
V1 Rocket Strike
Panzer IV Medium Tank
Propaganda Leaflet Drop
Symbiosis
*Mule
JEFG
Seocheon
0
0
Comments
sign in to comment!
No comments posted yet!